 Seeded DCSS version 0.28-a0-1594-ga885d4b3d6 (webtiles) character file.

Game seed: 17374242656959429415 (custom seed)

100 riojii the Insei (level 4, 0/26 (28) HPs)
             Began as an Octopode Transmuter on Jan 20, 2022.
             Killed by divine providence
             ... invoked by an orc priest
              (12 damage)
             ... on level 2 of the Dungeon.
             The game lasted 00:03:56 (2764 turns).

riojii the Insei (Octopode Transmuter)              Turns: 2764, Time: 00:03:57

HP:   0/26 (28)     AC:  1    Str:  9    XL:     4   Next: 73%
MP:   7/7           EV: 13    Int: 27    God:
Gold: 113           SH:  0    Dex: 14    Spells: 3/7 levels left

rFire   . . .      SeeInvis .     - Unarmed
rCold   . . .      Faith    .   (no shield)
rNeg    . . .      Spirit   .   (helmet currently unavailable)
rPois   +          Reflect  .   (no amulet)
rElec   .          Harm     .   c - +6 ring of intelligence
rCorr   .          Rampage  .   b - +6 ring of intelligence
Will    .....                   f - ring of poison resistance
Stlth   ++........              (no ring)
HPRegen 0.08/turn               (no ring)
MPRegen 0.10/turn               (no ring)
                                (no ring)
                                (no ring)

@: appendages (expiring), drained
A: tentacle spike 3, almost no armour, amphibious, 8 rings, camouflage 1,
gelatinous body 1, (nimble swimmer 1), tentacles
a: End Transformation


You were on level 2 of the Dungeon.
One of your tentacles had grown a beastly spike.
You visited 1 branch of the dungeon, and saw 3 of its levels.
You also visited: Sewer.

You collected 113 gold pieces.

Inventory:

Jewellery
 b - a +6 ring of intelligence (right tentacle)
 c - a +6 ring of intelligence (left tentacle)
 f - a ring of poison resistance (on tentacle)
Scrolls
 a - 2 scrolls of identify
Potions
 e - 2 potions of lignification {unknown}


   Skills:
 + Level 1.5 Fighting
 + Level 2.3 Dodging
 * Level 3.7 Unarmed Combat
 + Level 2.3 Spellcasting
 * Level 3.0 Transmutations
 * Level 1.5 Poison Magic


You had 3 spell levels left.
You knew the following spells:

 Your Spells              Type           Power      Damage    Failure   Level
a - Beastly Appendage     Tmut           38%        N/A       2%          1
b - Spider Form           Tmut/Pois      15%        N/A       11%         3

Your spell library contained the following spells:

 Spells                   Type           Power      Damage    Failure   Level
 Wereblood                Tmut           19%        N/A       4%          2
 Corpse Rot               Necr/Air       6%         N/A       14%         2
 Dazzling Flash           Conj/Hex       6%         N/A       28%         3
 Ice Form                 Ice/Tmut       11%        N/A       45%         4
 Dispel Undead            Necr           3%         3d7       67%         4
 Iskenderun's Mystic Bla  Conj/Tloc      3%         2d3       67%         4
 Death Channel            Necr           1%         N/A       100%        6
 Starburst                Conj/Fire      1%         6d3       100%        6


Dungeon Overview and Level Annotations

Branches:
Dungeon (3/15)              Sewer (visited)

Altars:


Innate Abilities, Weirdness & Mutations

One of your tentacles has grown a beastly spike.
You cannot wear most types of armour.
You are amphibious.
You can wear up to eight rings at the same time.
Your skin changes colour to match your surroundings (Stealth+).
Your rubbery body absorbs attacks. (AC +1, EV +1)
((You are camouflaged when in or above water. (Stealth+)))
You have tentacles for arms and can constrict up to eight enemies at once.


Message History

There are monsters nearby!
You tentacle-slap the orc. Your grab misses the orc.
Your tentacle spike misses the orc.
Your squeeze misses the orc.
The orc is severely wounded.
The orc hits you with a +0 club.
You tentacle-slap the orc but do no damage.
You grab the orc.
You pierce the orc.
You kill the orc!
You tentacle-slap the orc priest but do no damage.
You grab the orc priest.
Your tentacle spike misses the orc priest.
You constrict the orc priest, but do no damage.
The orc wizard casts a spell.
The orc wizard flickers and vanishes!
Deactivating autopickup; reactivate with Ctrl-A.
The orc priest calls down the wrath of Beogh upon you.
Beogh smites you!
Ouch! That really hurt!
You are too injured to fight recklessly!
You are too injured to fight recklessly!
You are too injured to fight recklessly!
You release your grip on the orc priest.
Your transformation is almost over.
You see here a ball python corpse.
There is a stone staircase leading up here.
The orc priest casts a cantrip, but nothing happens.
You climb upwards.
Reactivating autopickup.
There is a stone staircase leading down here.
You tentacle-slap the orc priest but do no damage.
You grab the orc priest.
You constrict the orc priest, but do no damage.
The orc priest casts a cantrip, but nothing happens.
You tentacle-slap the orc priest but do no damage.
You pierce the orc priest.
The orc priest is moderately wounded.
You constrict the orc priest, but do no damage.
The orc priest mumbles some strange prayers to Beogh against you.
Beogh smites you!
You die...

###..#.####.# #..#####.#
# #....#....#.##### #..#
#.# # #.#######.#.....#
#..# #.# #
#....#..........# #..#
#.# #
####.#.#######..#####..#
#.### #.#.#
#...........#####....
#...#
#.#.........##.......
##.##
#.#o#######.##.######
#.# #.#.@..........# #.#
##.#########.#### #.#
##)..## #.# #.#
##.#.#.## #.#
#.###.##.##.## #.#
#............#####.#
#####.##.##...<....#
##.#...........#
##.#.##########


You could see an orc priest.

Vanquished Creatures
  An adder (D:2)
  4 river rats
  4 orcs (D:3)
  4 endoplasms
  2 giant cockroaches (D:2)
  A hobgoblin (D:1)
  2 jackals (D:1)
  3 quokkas
  4 ball pythons
  11 bats
  2 frilled lizards
  2 goblins
  2 kobolds
  12 rats
54 creatures vanquished.

Notes
Turn   | Place    | Note
-------+----------+-------------------------------------------
     0 | D:1      | riojii the Octopode Transmuter began the quest for the Orb.
     0 | D:1      | Reached XP level 1. HP: 13/13 MP: 3/3
   326 | D:1      | Reached XP level 2. HP: 18/18 MP: 3/5
   825 | D:2      | Found a faded altar of an unknown god.
  1090 | D:2      | Reached XP level 3. HP: 14/23 MP: 4/6
  1094 | D:2      | Learned a level 3 spell: Spider Form
  2003 | D:3      | Found a glowing drain.
  2015 | D:3      | Reached skill level 1 in Poison Magic
  2016 | D:3      | Reached XP level 4. HP: 6/28 MP: 7/7
  2183 | Sewer    | Entered a sewer
  2764 | D:2      | Killed from afar by an orc priest

Illustrated notes

Levels and vault maps discovered:
D:1:      minmay_arrival_cross, layout_loops_ring
D:2:      layout_loops_ring, basic_ecumenical_altar
D:3:      layout_basic, portal_sewer_entry_b, roderic_batcave,
          kennysheep_jessica_study

Skill      XL: |  1  2  3  4 |
---------------+-------------+-----
Poison Magic   | 1 |  1.5
Transmutations | 3 |  3.0
Fighting       | |  1.5
Dodging        | |  2.3
Unarmed Combat | |  3.7
Spellcasting   | |  2.3

Action                   |  1- 3 |  4- 6 || total
-------------------------+-------+-------++-------
Melee: Unarmed           |    80 |    38 ||   118
       Kick              |    24 |    15 ||    39
       Constrict         |    16 |    16 ||    32
       Tentacles         |    10 |     7 ||    17
       Punch             |     1 |     1 ||     2
 Cast: Beastly Appendage |    26 |     7 ||    33
  Use: Scroll            |     2 |       ||     2
       Potion            |       |     1 ||     1
 Stab: Sleeping          |     9 |     5 ||    14
Armor: Skin              |    10 |       ||    10
Dodge: Dodged            |    46 |    16 ||    62

Table legend: (Time is in decaauts)
 A = Elapsed time spent in this place.
 B = Non-inter-level travel time spent in this place.
 C = Inter-level travel time spent in this place.
 D = Time resting spent in this place.
 E = Time spent auto-exploring this place.
 F = Levels seen in this place.
 G = Mean time per level.
                   A        B        C        D        E       F      G
               +--------+--------+--------+--------+--------+-----+--------+
         Total |   2762 |   2697 |     65 |    351 |   1950 |   4 |  690.5 |
       Dungeon |   2473 |   2408 |     65 |    162 |   1939 |   3 |  824.3 |
         Sewer |    289 |    289 |      0 |    189 |     11 |   1 |  289.0 |
               +--------+--------+--------+--------+--------+-----+--------+

Top non-repeatable levels by time:
     D:2: 859 daAuts
     D:1: 811 daAuts
     D:3: 802 daAuts
   Sewer: 289 daAuts
